AoeStats
← Wit Ridder

Black Forest

510304518Analyzed
4v4 RM · 2d ago on Sep 30, 2026· 79m 12s· 8 players
Game mode
Random Map
Map size
Large (8 player)
Population
200
Speed
Normal
Resources
Standard
Victory
Conquest
Starting age
Dark Age
Ending age
Imperial Age
RankedLock teamsTeams togetherTeam positionsShared explorationLock speedFull tech treeHidden civsTurbo modeCheats
Victory
Defeat
🇧🇷 Franks · Brazil
796
+16
🇨🇳 Spanish · China
789
+16
🇦🇷 Celts · Argentina
771
+17
🇿🇦 Bohemians · South Africa
713
+21
🇺🇸 Khmer · United States
864
-20
🇨🇳 Bohemians · China
854
-20
🇱🇰 Khmer · Sri Lanka
744
-15
🇨🇳 Tupi · China
728
-15
清风与我
0:50 Loom
11:23 Feudal Age
11:49 Double-Bit Axe
11:46 Horse Collar
12:42 Wheelbarrow
16:02 Gold Mining
21:23 Castle Age
20:23 Stone Mining
22:26 Hand Cart
31:26 Imperial Age
31:55 Town Watch
33:23 Bow Saw
33:17 Heavy Plow
33:57 Stone Shaft Mining
34:09 Squires
33:30 Pikeman
34:23 Scale Barding Armor
34:19 Scale Mail Armor
34:29 Forging
34:09 Fletching
34:20 Padded Archer Armor
34:20 Scale Mail Armor
36:10 Halberdier
38:48 Two-Man Saw
38:40 Fortified Wall
38:41 Masonry
39:54 Bloodlines
39:04 Cavalier
40:30 Husbandry
46:56 Town Patrol
60:17 Caravan
68:49 Paladin
72:38 Chain Barding Armor
79:57 Plate Barding Armor
79:57 Iron Casting
79:18 Bodkin Arrow
79:38 Leather Archer Armor
79:39 Chain Mail Armor
Wit Ridder
0:42 Loom
12:01 Feudal Age
12:57 Double-Bit Axe
13:54 Horse Collar
22:50 Castle Age
21:57 Arson
24:01 Bow Saw
26:34 Caravan
30:19 Pikeman
30:59 Squires
33:40 Imperial Age
33:34 Wagenburg Tactics
35:37 Wheelbarrow
34:48 Town Watch
36:39 Two-Man Saw
35:57 Heavy Plow
35:34 Elite Hussite Wagon
36:07 Halberdier
41:13 Chemistry
40:34 Ballistics
40:25 Fortified Wall
40:10 Murder Holes
41:45 Hussite Reforms
42:01 Conscription
41:12 Sappers
43:14 Hand Cart
42:59 Town Patrol
43:34 Houfnice
55:30 Forging
55:21 Scale Mail Armor
55:26 Scale Barding Armor
55:12 Fletching
55:23 Padded Archer Armor
63:33 Iron Casting
63:14 Chain Mail Armor
63:19 Chain Barding Armor
63:15 Leather Archer Armor
62:56 Bodkin Arrow
67:10 Blast Furnace
66:41 Plate Mail Armor
67:19 Bombard Tower
66:44 Arrowslits
66:50 Guard Tower
67:11 Masonry
67:06 Siege Engineers
67:12 Careening
67:13 Clinker Construction
67:09 Siphons
67:42 Ring Archer Armor
Wolf-Salomon
3:21 Loom
10:23 Feudal Age
10:58 Double-Bit Axe
12:43 Horse Collar
17:03 Wheelbarrow
19:11 Castle Age
17:47 Stone Mining
19:11 Gold Mining
21:57 Stone Shaft Mining
21:37 Bow Saw
21:40 Heavy Plow
24:07 Hand Cart
28:32 Gold Shaft Mining
30:46 Imperial Age
28:05 Town Watch
30:27 Town Patrol
31:08 Fletching
31:41 Ballistics
32:40 Onager
34:03 Conscription
35:21 Siege Onager
37:04 Siege Engineers
37:21 Bodkin Arrow
37:41 Forging
37:33 Caravan
38:04 Coinage
38:28 Furor Celtica
38:21 Stronghold
39:17 Masonry
40:18 Elite Woad Raider
42:29 Ballistics
43:50 Banking
43:31 Guilds
46:45 Iron Casting
46:57 Scale Mail Armor
49:55 Blast Furnace
49:10 Chain Mail Armor
50:27 Guilds
53:34 Hoardings
54:08 Fortified Wall
53:56 Heavy Scorpion
57:10 Plate Mail Armor
57:40 Pikeman
58:55 Halberdier
64:43 Elite Skirmisher
74:54 Light Cavalry
75:44 Scale Barding Armor
75:35 Bodkin Arrow
75:48 Husbandry
75:34 Hussar
77:17 Chain Barding Armor
FSaka
2:36 Loom
12:30 Feudal Age
15:33 Double-Bit Axe
15:45 Fishing Lines
18:13 Castle Age
18:53 Gold Mining
20:48 Bow Saw
21:43 Gold Shaft Mining
22:03 Wheelbarrow
27:39 Imperial Age
27:10 Forging
27:06 Scale Barding Armor
27:30 Ordonnance Companies
28:50 Hand Cart
28:21 Town Watch
30:46 Iron Casting
30:32 Chain Barding Armor
31:14 Town Patrol
32:29 Blast Furnace
31:33 Husbandry
30:56 Cavalier
31:47 Chivalry
33:10 Plate Barding Armor
32:28 Fletching
33:35 Paladin
35:21 Light Cavalry
36:08 Bodkin Arrow
36:36 Caravan
36:42 Capped Ram
37:46 Padded Archer Armor
38:08 Onager
42:23 Chemistry
41:33 Masonry
42:43 Ballistics
74:56 Elite Skirmisher
superkiller
5:00 Loom
13:53 Feudal Age
15:44 Horse Collar
16:35 Double-Bit Axe
18:16 Wheelbarrow
26:40 Castle Age
24:47 Gold Mining
24:50 Stone Mining
24:29 Champi Runner
36:07 Imperial Age
35:09 Heavy Plow
35:23 Bow Saw
36:09 Hand Cart
35:39 Town Watch
36:57 Caciques
36:16 Elite Blackwood Archer
39:05 Two-Man Saw
38:42 Gold Shaft Mining
38:31 Fletching
40:21 Chemistry
39:49 Bodkin Arrow
42:29 Conscription
42:44 Ballistics
45:41 Bracer
45:41 Padded Archer Armor
seven^^
11:07 Feudal Age
15:58 Castle Age
15:21 Double-Bit Axe
24:53 Wheelbarrow
27:52 Horse Collar
28:44 Sanctity
28:35 Fervor
33:03 Imperial Age
30:49 Hand Cart
31:29 Caravan
33:54 Chemistry
33:45 Wagenburg Tactics
34:09 Heavy Plow
34:17 Pikeman
35:11 Forging
35:02 Scale Mail Armor
35:29 Squires
35:15 Arson
34:58 Houfnice
36:03 Bow Saw
36:00 Halberdier
38:50 Iron Casting
38:30 Chain Mail Armor
51:53 Siege Engineers
51:59 Fortified Wall
52:12 Ballistics
52:18 Bombard Tower
52:02 Murder Holes
63:08 Blast Furnace
62:39 Plate Mail Armor
76:14 Padded Archer Armor
76:05 Fletching
achalaayesh
6:54 Loom
14:29 Feudal Age
19:29 Castle Age
19:41 Horse Collar
19:56 Double-Bit Axe
22:43 Bloodlines
22:34 Husbandry
28:28 Imperial Age
27:15 Caravan
30:45 Elite Battle Elephant
32:49 Heavy Plow
33:04 Bow Saw
35:48 Chemistry
35:14 Ballistics
35:01 Siege Engineers
34:47 Heated Shot
37:58 Wheelbarrow
37:24 Murder Holes
37:55 Conscription
37:39 Tusk Swords
38:10 Heavy Scorpion
38:46 Fletching
40:41 Hand Cart
40:34 Town Watch
40:50 Bodkin Arrow
41:06 Forging
41:12 Scale Barding Armor
43:07 Bracer
43:42 Iron Casting
43:28 Chain Barding Armor
44:05 Crop Rotation
44:57 Double Crossbow
45:04 Gold Mining
58:09 Plate Barding Armor
eleven
12:04 Feudal Age
13:23 Wheelbarrow
12:36 Double-Bit Axe
14:42 Horse Collar
15:25 Gold Mining
17:44 Castle Age
18:42 Hand Cart
18:41 Bow Saw
23:01 Stone Mining
26:01 Gold Shaft Mining
26:04 Stone Shaft Mining
25:20 Town Watch
25:39 Heavy Plow
28:54 Forging
28:44 Scale Mail Armor
28:51 Scale Barding Armor
30:18 Iron Casting
32:25 Imperial Age
30:42 Coinage
32:29 Ballistics
32:33 Town Patrol
33:41 Iron Casting
33:22 Chain Mail Armor
33:28 Chain Barding Armor
33:15 Siege Engineers
34:13 Chemistry
33:20 Light Cavalry
34:00 Husbandry
34:12 Bloodlines
35:12 Crop Rotation
36:24 Blast Furnace
36:00 Caravan
36:30 Banking
36:59 Plate Barding Armor
36:50 Double Crossbow
37:10 Conscription
36:38 Pikeman
38:03 Heavy Scorpion
38:07 Hussar
38:39 Halberdier
39:05 Arson
57:59 Masonry
58:00 Fortified Wall
59:54 Onager
Connection lost

Rejoining the realm…

Still unreachable

The connection could not be restored.

Session expired

The server has moved on; the page needs a fresh start.